 Dungeon Crawl Stone Soup version 0.20.0-8-g6b59dc7 (webtiles) character file.

11521 Jannitor the Basher (level 11, 0/106 HPs)
             Began as a Gargoyle Fighter on May 30, 2017.
             Was a Priest of Qazlal.
             Killed by divine providence
             ... invoked by an orc priest
              (16 damage)
             ... on level 1 of the Orcish Mines.
             The game lasted 00:25:24 (11612 turns).

Jannitor the Basher (Gargoyle Fighter)             Turns: 11612, Time: 00:25:25

Health: 0/106      AC: 25    Str: 29      XL:     11   Next: 79%
Magic:  2/16       EV:  2    Int: 12 (13) God:    Qazlal [***...]
Gold:   230        SH: 16    Dex:  9 (12) Spells: 10/10 levels left

rFire    + . .     SeeInvis .   a - +0 flail
rCold    + . .     Gourm    .   c - +0 shield
rNeg     + + +     Faith    .   (armour currently unavailable)
rPois    ∞         Spirit   .   (helmet currently unavailable)
rElec    +         Reflect  .   (cloak currently unavailable)
rCorr    +         Harm     .   (gloves currently unavailable)
MR       .....     NoTele   +   (boots currently unavailable)
Stlth    ++........             (no amulet)
Regen    0.3/turn               w - ring of stealth
MPRegen  0.2/turn               (no ring)

@: mighty, brilliant, agile, tree-form, resistant, hasted, very quick
A: blink, clumsy 1, deterioration 1, negative energy resistance 1, petrification
resistance, rot immunity, AC +7
a: Blink, Upheaval, Elemental Force, Renounce Religion


You were on level 1 of the Orcish Mines.
You worshipped Qazlal.
Qazlal was most pleased with you.
You were not hungry.
You were a tree.
You visited 2 branches of the dungeon, and saw 11 of its levels.
You also visited: Ossuary.

You collected 824 gold pieces.
You spent 594 gold pieces at shops.

Inventory:

Hand Weapons
 a - a +0 flail (weapon)
 y - a +0 whip of freezing
Armour
 b - a +0 scale mail (melded)
 c - a +0 shield (worn)
 e - a +1 helmet (melded)
 u - a +0 pair of boots (melded)
 J - a +0 pair of gloves (melded)
Jewellery
 w - a ring of stealth (left branch)
 A - the amulet "Ypaterphu" {RegenMP Dex+2, unknown}
   (You found it on level 6 of the Dungeon)

   [amulet of magic regeneration]

   It increases your magic regeneration.
   It affects your dexterity (+2).
 D - an uncursed ring of fire
 H - an uncursed ring of resist corrosion {unknown}
Wands
 x - a wand of random effects (17/48)
Scrolls
 h - 12 scrolls of teleportation
 i - a scroll of immolation {unknown}
 k - a scroll of enchant weapon {unknown}
 m - 2 scrolls of random uselessness {unknown}
 p - 5 scrolls of identify
 q - 5 scrolls of blinking {unknown}
 t - 6 scrolls of remove curse
 z - a scroll of vulnerability {unknown}
 C - a scroll of fear
 G - a scroll of holy word {unknown}
 K - 3 scrolls of enchant armour
 N - a scroll of brand weapon {unknown}
Potions
 d - a potion of lignification
 j - 2 potions of haste
 n - 2 potions of cancellation
 s - 2 potions of mutation
 v - a potion of brilliance
 I - a potion of might
Books
 E - a book of Debilitation

   Spells                             Type                      Level
   a - Corona                         Hexes                        1
   b - Slow                           Hexes                        2
   c - Inner Flame                    Hexes/Fire                   3
   d - Portal Projectile              Hexes/Translocation          3
   e - Cause Fear                     Hexes                        4
   f - Leda's Liquefaction            Hexes/Earth                  4
 F - a book of Battle

   Spells                             Type                      Level
   a - Infusion                       Charms                       1
   b - Shroud of Golubria             Charms/Translocation         2
   c - Song of Slaying                Charms                       2
   d - Spectral Weapon                Hexes/Charms                 3
   e - Regeneration                   Charms/Necromancy            3
 L - a Young Poisoner's Handbook

   Spells                             Type                      Level
   a - Sting                          Conjuration/Poison           1
   b - Poisonous Vapours              Poison/Air                   2
   c - Mephitic Cloud                 Conjuration/Poison/Air       3
   d - Olgreb's Toxic Radiance        Poison                       4
   e - Venom Bolt                     Conjuration/Poison           5
 M - a book of Maledictions

   Spells                             Type                      Level
   a - Corona                         Hexes                        1
   b - Ensorcelled Hibernation        Hexes/Ice                    2
   c - Confuse                        Hexes                        3
   d - Tukima's Dance                 Hexes                        3
   e - Dazzling Spray                 Conjuration/Hexes            3
Comestibles
 f - 10 bread rations
 g - 2 meat rations
 l - 3 fruits
 o - 4 royal jellies
 O - 3 chunks of flesh


   Skills:
 + Level 9.1 Fighting
 * Level 10.9 Maces & Flails
 + Level 9.3 Armour
 + Level 8.6 Shields
 + Level 7.7 Invocations


You had 10 spell levels left.
You didn't know any spells.

Dungeon Overview and Level Annotations

Branches:
Dungeon (10/15)            Temple (0/1) D:5            Lair (0/6) D:9
    Orc (1/2) D:10

Altars:
Ashenzari
Fedhas
Makhleb
Okawaru
Qazlal
Ru
Uskayaw
Yredelemnul

Shops:
D:4 !   D:8 !   D:9 }   D:10 ?

Portals:
Trove: D:10 (give +5 fire dragon scales)

Annotations:
D:10 Erolcha


Innate Abilities, Weirdness & Mutations

You are resistant to torment.
((Your stone body is resilient. (AC +7)))
You are immune to poison.
You resist negative energy. (rN+)
((You are resistant to electric shocks. (rElec)))
((You can survive without breathing.))
You are immune to petrification.
You are immune to rotting.
You can translocate small distances at will.
You are clumsy. (Dex -2)
((Your flesh is very cold resistant. (rC++)))
Your body sometimes deteriorates upon taking damage.


Message History

You hit the orc warrior.
The orc warrior is severely wounded.
The orc wizard casts a spell.
The orc wizard seems to speed up.
An orc comes into view. It is wielding a flail.
You thump the orc warrior!
You kill the orc warrior!
Qazlal accepts your kill.
Unknown command.
Aiming: Upheaval
Press: ? - help, Dir - move target cursor, f - orc priest
Aim: an orc priest, wielding a flail A storm cloud blasts the area with cutting wind!
The cutting wind hits the orc priest.
The orc priest is almost dead.
The cutting wind hits the orc wizard.
The orc wizard is heavily wounded.
The orc priest mumbles some strange prayers to Beogh against you.
Beogh smites you!
You die...

...#......##...#
####.......
.....#o....##...###.#...$#
#.##...#####...#.......##
#.....o.##....###.##....#
.....§o§........##..#.#...#
.....§........###...)##
.....
....###o....#####...).#
...# #..#
#.....)..#.......# .#. #..
#....#.#♣§..........# # ##
#...####§)....#.....# #...
#.o.....####...# #...
##.....## ...# ### #......#
#.## .......... #.
........... ......###..#.
...#.... ..#


You could see an orc priest, 2 orc wizards and 2 orcs.

Vanquished Creatures
  Josephine (D:10)
  The ghost of Manul the Covert, a journeyman OpTm of Gozag (D:10)
  Pikel (D:5)
  An orc sorcerer (Orc:1)
  The ghost of Kosschaser the Cudgeler, a novice GrSk (D:5)
  2 meliai (D:10)
  Prince Ribbit (D:7)
  A hornet (D:10)
  6 yaks (D:9)
  A spriggan (D:8)
  4 wraiths (D:10)
  Menkaure (D:7)
  3 wargs (Orc:1)
  A water moccasin (D:6)
  11 orc warriors
  2 black bears
  A necrophage (D:7)
  4 phantoms
  3 sky beasts
  9 ogres
  3 centaurs
  3 elf zombies (Ossuary)
  4 bullfrogs
  2 scorpions
  2 howler monkeys
  7 crimson imps
  6 hounds
  A centaur zombie (Ossuary)
  9 orc priests
  19 orc wizards
  Terence (D:2)
  2 iguanas
  5 worker ants
  A big kobold zombie (Ossuary)
  A hound zombie (D:6)
  A hound skeleton (D:7)
  2 mummies (Ossuary)
  7 gnolls
  2 howler monkey skeletons (D:4)
  15 adders
  3 shadow imps
  2 oozes (D:1)
  3 adder skeletons
  2 adder zombies
  3 dart slugs
  3 worms
  5 leopard geckos
  65 orcs
  7 bats
  5 giant cockroaches
  6 goblins
  6 hobgoblins
  11 jackals
  6 kobolds
  3 quokkas
  4 frilled lizards
  2 goblin zombies (Ossuary)
  5 hobgoblin zombies (Ossuary)
  13 kobold zombies (Ossuary)
  A leopard gecko skeleton (D:4)
  A leopard gecko zombie (D:5)
  9 orc zombies (Ossuary)
  12 rats
  4 rat zombies
329 creatures vanquished.

Vanquished Creatures (collateral kills)
  Erica (D:9)
  A meliai (D:10)
2 creatures vanquished.

Vanquished Creatures (others)
  A bullfrog skeleton (D:5)
  A worker ant (D:5)
  A hound skeleton (D:5)
  A worm (D:5)
4 creatures vanquished.

Grand Total: 335 creatures vanquished

Notes
Turn   | Place    | Note
-------+----------+-------------------------------------------
     0 | D:1      | Jannitor the Gargoyle Fighter began the quest for the Orb.
     0 | D:1      | Reached XP level 1. HP: 14/14 MP: 1/1
   131 | D:1      | Reached XP level 2. HP: 18/19 MP: 2/2
   220 | D:1      | Reached XP level 3. HP: 23/23 MP: 3/3
   513 | D:2      | Noticed Terence
   520 | D:2      | Killed Terence
   520 | D:2      | Reached skill level 3 in Maces & Flails
   522 | D:2      | Reached XP level 4. HP: 29/29 MP: 4/4
  1639 | D:3      | Reached XP level 5. HP: 33/33 MP: 5/5
  1687 | D:3      | Reached skill level 4 in Maces & Flails
  1778 | D:3      | Found a shattered altar of Ashenzari.
  2048 | D:3      | Found a blossoming altar of Fedhas.
  2220 | D:3      | Reached XP level 6. HP: 29/39 MP: 6/6
  2303 | D:3      | Found a stormy altar of Qazlal.
  2324 | D:3      | Became a worshipper of Qazlal Stormbringer
  2744 | D:4      | Reached skill level 5 in Maces & Flails
  2921 | D:4      | Reached skill level 1 in Invocations
  3110 | D:4      | Reached XP level 7. HP: 44/44 MP: 7/7
  3495 | D:4      | Reached * piety under Qazlal
  3495 | D:4      | Reached skill level 5 in Armour
  3510 | D:4      | Found an iron altar of Okawaru.
  3734 | D:4      | Found Wiah's Distillery.
  3737 | D:4      | Bought a potion of heal wounds for 65 gold pieces
  3737 | D:4      | Bought a potion of berserk rage for 65 gold pieces
  3737 | D:4      | Bought a potion of degeneration for 13 gold pieces
  3795 | D:5      | Entered Level 5 of the Dungeon
  3822 | D:5      | Noticed Kosschaser's ghost (novice GrSk)
  4102 | D:5      | Reached skill level 5 in Fighting
  4221 | D:5      | Noticed Pikel
  4244 | D:5      | Killed Pikel
  4244 | D:5      | Reached skill level 6 in Maces & Flails
  4244 | D:5      | Reached skill level 5 in Shields
  4244 | D:5      | Reached XP level 8. HP: 46/50 MP: 8/10
  4332 | D:5      | Found a shattered altar of Ashenzari.
  4371 | D:5      | Found a staircase to the Ecumenical Temple.
  4642 | D:5      | Killed Kosschaser's ghost
  4642 | D:5      | Reached skill level 7 in Maces & Flails
  4642 | D:5      | Reached XP level 9. HP: 32/55 MP: 10/12
  5263 | D:6      | Reached ** piety under Qazlal
  5685 | D:6      | Got a scintillating golden amulet
  6259 | D:6      | Reached skill level 8 in Maces & Flails
  6288 | D:6      | Found a basalt altar of Yredelemnul.
  6650 | D:8      | Found a sand-covered staircase.
  6671 | D:8      | Reached skill level 5 in Invocations
  6846 | Ossuary  | Entered an ossuary
  6918 | Ossuary  | Reached *** piety under Qazlal
  7004 | Ossuary  | Reached XP level 10. HP: 50/63 MP: 14/14
  7238 | D:8      | Found a sacrificial altar of Ru.
  7336 | D:8      | Reached skill level 9 in Maces & Flails
  7736 | D:8      | Found Ebrujeb's Distillery.
  7740 | D:8      | Bought a potion of mutation for 104 gold pieces
  7740 | D:8      | Bought a potion of might for 52 gold pieces
  7740 | D:8      | Bought a potion of heal wounds for 65 gold pieces
  7740 | D:8      | Bought a potion of mutation for 104 gold pieces
  7740 | D:8      | Gained mutation: You can translocate small distances at will. [potion of mutation]
  7740 | D:8      | Gained mutation: You have sharp fingernails. [potion of mutation]
  7740 | D:8      | Gained mutation: You are occasionally teleported next to monsters. [potion of mutation]
  7740 | D:8      | Gained mutation: You are resistant to hostile enchantments. (MR+) [potion of mutation]
  7741 | D:8      | Lost mutation: You are resistant to hostile enchantments. (MR+) [potion of mutation]
  7741 | D:8      | Lost mutation: You have sharp fingernails. [potion of mutation]
  7741 | D:8      | Gained mutation: You do not regenerate when monsters are visible. [potion of mutation]
  7741 | D:8      | Gained mutation: Your mind is acute. (Int +2) [potion of mutation]
  7742 | D:8      | Lost mutation: Your mind is acute. (Int +2) [potion of mutation]
  7742 | D:8      | Lost mutation: You are occasionally teleported next to monsters. [potion of mutation]
  7742 | D:8      | Lost mutation: You do not regenerate when monsters are visible. [potion of mutation]
  7742 | D:8      | Gained mutation: Your body sometimes deteriorates upon taking damage. [potion of mutation]
  7742 | D:8      | Gained mutation: Your flesh is cold resistant. (rC+) [potion of mutation]
  7742 | D:8      | Gained mutation: You are clumsy. (Dex -2) [potion of mutation]
  7742 | D:8      | Gained mutation: Your flesh is very cold resistant. (rC++) [potion of mutation]
  7923 | D:7      | Noticed Prince Ribbit
  7955 | D:7      | Killed Prince Ribbit
  7976 | D:7      | Found a hide-covered altar of Uskayaw.
  7978 | D:7      | Noticed Menkaure
  7988 | D:7      | Killed Menkaure
  8913 | D:9      | Found a staircase to the Lair.
  8963 | D:9      | Reached **** piety under Qazlal
  9020 | D:9      | Found Zauckiwiap's Gadget Emporium.
  9096 | D:9      | Noticed Erica
  9154 | D:9      | Killed Erica
  9313 | D:9      | Reached XP level 11. HP: 58/69 MP: 16/16
  9317 | D:9      | Reached skill level 10 in Maces & Flails
  9655 | D:9      | Found a burning altar of Makhleb.
  9893 | D:10     | Entered Level 10 of the Dungeon
  9959 | D:10     | Noticed Josephine
  9982 | D:10     | Killed Josephine
 10241 | D:10     | Noticed Manul's ghost (journeyman OpTm)
 10269 | D:10     | Killed Manul's ghost
 10364 | D:10     | Found a portal to a secret trove of treasure.
 10436 | D:10     | Found Ynaum's Magic Scroll Shoppe.
 10443 | D:10     | Bought a scroll of teleportation for 36 gold pieces
 10443 | D:10     | Bought a scroll of enchant armour for 90 gold pieces
 10950 | D:10     | Noticed Erolcha
 11165 | D:10     | Found a staircase to the Orcish Mines.
 11173 | Orc:1    | Entered Level 1 of the Orcish Mines
 11549 | Orc:1    | Noticed an orc sorcerer
 11561 | Orc:1    | Killed an orc sorcerer
 11612 | Orc:1    | Killed from afar by an orc priest

Skill      XL: |  1  2  3  4  5  6  7  8  9 10 11 |
---------------+----------------------------------+-----
Maces & Flails | 3 4 5 6 7 8 9 10 | 10.9
Fighting       | 4 5 7 8 9 |  9.1
Armour         | 4 5 6 7 8 9 |  9.3
Shields        | 4 5 6 7 8 |  8.6
Invocations    | 1 3 4 5 6 7 |  7.7

Action                   |  1- 3 |  4- 6 |  7- 9 | 10-12 || total
-------------------------+-------+-------+-------+-------++-------
Melee: Flail             |    72 |   284 |   232 |   771 ||  1359
       Whip              |       |       |   475 |       ||   475
Invok: Upheaval          |       |       |       |     9 ||     9
       Elemental Force   |       |       |       |     3 ||     3
  Use: Potion            |     1 |     3 |     6 |    18 ||    28
       Scroll            |       |     7 |       |     1 ||     8
  Eat: Chunk             |       |     8 |     8 |    14 ||    30
       Bread ration      |       |       |     1 |       ||     1
       Royal jelly       |       |       |     1 |       ||     1
       Fruit             |       |       |       |     1 ||     1
Armor: Scale mail        |    33 |   153 |   229 |   294 ||   709
       Skin              |       |       |       |     7 ||     7
Dodge: Dodged            |    28 |    76 |   127 |   132 ||   363
       Deflected         |       |       |       |     2 ||     2
Block: Shield            |    42 |   173 |   281 |   514 ||  1010
